 Dungeon Crawl Stone Soup version 0.27-a0-1278-g6cbc8dfb29 (webtiles) character file.

Game seed: 3759675473095347246

324 dickylongcocking the Twirler (level 6, -5/49 HPs)
             Began as a Djinni Gladiator on June 13, 2021.
             Was an Initiate of Makhleb.
             Slain by an angel (23 damage)
             ... created by the Shining One
             ... on level 4 of the Dungeon.
             The game lasted 00:03:12 (3633 turns).

dickylongcocking the Twirler (Djinni Gladiator)     Turns: 3633, Time: 00:03:13

Health: -5/49      AC:  4    Str: 14    XL:     6   Next: 78%
Gold:   180        EV: 12    Int: 10    God:    Makhleb [......] SH:  0 Dex: 15

rFire    + + .     SeeInvis .   a - +0 quarterstaff
rCold    x . .     Faith    .   (shield currently unavailable)
rNeg     + . .     Spirit   .   b - +0 leather armour
rPois    ∞         Reflect  .   c - +0 helmet
rElec    .         Harm     .   (no cloak)
rCorr    .         Rampage  .   (no gloves)
Will     .....                  (boots unavailable)
Stlth    +.........             (no amulet)
HPRegen  0.16/turn              n - ring of positive energy
MPRegen  0.00/turn              (no ring)

@: flying, glowing
A: sickness immunity, fire resistance 2, cold vulnerability 1, float, innate
caster, hp casting, extra vitality 1
a: Renounce Religion


You were on level 4 of the Dungeon.
You worshipped Makhleb.
Makhleb was noncommittal.
You visited 2 branches of the dungeon, and saw 5 of its levels.

You collected 180 gold pieces.

Inventory:

Hand Weapons
 a - a +0 quarterstaff (weapon)
 o - a +1 dagger of distortion
Missiles
 d - a throwing net (quivered)
Armour
 b - a +0 leather armour (worn)
 c - a +0 helmet (worn)
Jewellery
 n - a ring of positive energy (left hand)
Scrolls
 e - 2 scrolls of identify {unknown}
 i - a scroll of magic mapping {unknown}
 j - a scroll of fog {unknown}
 k - a scroll of noise {unknown}
 l - 3 scrolls of blinking {unknown}
 m - 2 scrolls of immolation {unknown}
Potions
 f - a potion of flight {unknown}
 h - 2 potions of degeneration {unknown}
 p - a potion of brilliance {unknown}


   Skills:
 * Level 4.8 Fighting
 * Level 4.9 Staves
 - Level 1.5 Throwing
 - Level 3.2 Dodging
 - Level 0.4 Invocations


You had 2 spell levels left.
You knew the following spells:

 Your Spells              Type           Power      Damage    Failure   Level
a - Magic Dart            Conj           0%         1d3       43%         1
b - Blink                 Tloc           N/A        N/A       58%         2
Your spell library was empty.

Dungeon Overview and Level Annotations

Branches:
Dungeon (4/15)             Temple (1/1) D:4

Altars:
Ashenzari
Elyvilon
Gozag
Makhleb
Nemelex Xobeh
Qazlal
Ru
Sif Muna
Uskayaw
Vehumet
Xom
Yredelemnul
The Shining One


Innate Abilities, Weirdness & Mutations

You are immune to sickness and miasma.
You are immune to poison.
Your flesh is very heat resistant. (rF++)
You are vulnerable to cold. (rC-)
You float through the air rather than walking.
You learn spells naturally, not from books.
Your magical power is your life essence.
You have superior vitality. (+4 HP)


Message History

Makhleb accepts your kill.
You see here the +0 robe of the Evening {Harm Str+4}.
d - a throwing net You start resting.
HP restored.
Key pressed, stopping explore.
You start waiting.
The Shining One sends the divine host to punish you for your evil ways! 2 angels come into view.
An angel is wielding a +2 whip of holy wrath.
An angel is wielding a +1 whip of holy wrath.
There are monsters nearby!
There are monsters nearby!
There are monsters nearby!
Unknown command.
The angel closely misses you.
The angel hits you with a +1 whip of holy wrath.
The angel hits you with a +1 whip of holy wrath! x2
The angel barely misses you.
The angel hits you with a +1 whip of holy wrath.
The angel hits you with a +1 whip of holy wrath.
* * * LOW HITPOINT WARNING * * *
The angel hits you with a +1 whip of holy wrath!
* * * LOW HITPOINT WARNING * * *
Unknown command.
Unknown command.
Press: ? - help, v - describe, . - travel The floor.
This square is lit by a halo.
Okay, then.
You feel much better.
The angel hits you with a +1 whip of holy wrath!!
* * * LOW HITPOINT WARNING * * *
The angel hits you with a +1 whip of holy wrath.
* * * LOW HITPOINT WARNING * * *
Unknown command.
You feel much better.
The angel hits you with a +1 whip of holy wrath. x2
Unknown command.
The angel hits you with a +2 whip of holy wrath!!
You die...

########.##
#AA@.......
#.######... #
#.# #. #.#
#.##.######. #..
#........... #..
#######.........
...
................
#.#
##.####.[#....#.


You could see 2 angels.

Vanquished Creatures
  A water moccasin (D:4)
  Jessica (D:3)
  2 iguanas (D:4)
  A hound skeleton (D:4)
  3 adders (D:3)
  An adder skeleton (D:4)
  4 worms
  2 dart slugs (D:3)
  2 orcs (D:3)
  10 bats
  4 endoplasms
  3 giant cockroaches
  8 goblins
  5 hobgoblins
  3 jackals (D:2)
  3 quokkas
  9 ball pythons
  10 frilled lizards
  7 kobolds
  A rat (D:3)
80 creatures vanquished.

Notes
Turn   | Place    | Note
-------+----------+-------------------------------------------
     0 | D:1      | dickylongcocking the Djinni Gladiator began the quest for
                  | the Orb.
     0 | D:1      | Reached XP level 1. HP: 18/18 MP: 0/0
   133 | D:1      | Reached XP level 2. HP: 24/24 MP: 0/0
   244 | D:1      | Found a faded altar of an unknown god.
   320 | D:1      | Became a worshipper of the Shining One
   320 | D:1      | Reached * piety under the Shining One
   587 | D:2      | Reached XP level 3. HP: 21/29 MP: 0/0
   587 | D:2      | Learned a level 1 spell: Magic Dart
  1346 | D:2      | Reached XP level 4. HP: 30/35 MP: 0/0
  1917 | D:3      | Found a sparkling altar of Nemelex Xobeh.
  2435 | D:3      | Reached ** piety under the Shining One
  2444 | D:3      | Reached XP level 5. HP: 34/40 MP: 0/0
  2444 | D:3      | Learned a level 2 spell: Blink
  2503 | D:3      | Noticed Jessica
  2517 | D:3      | Killed Jessica
  3010 | D:4      | Found a staircase to the Ecumenical Temple.
  3022 | D:4      | Noticed a water moccasin
  3045 | D:4      | Killed a water moccasin
  3046 | D:4      | Reached XP level 6. HP: 34/48 MP: 0/0
  3050 | Temple   | Entered the Ecumenical Temple
  3168 | Temple   | Fell from the grace of the Shining One
  3168 | Temple   | Became a worshipper of Elyvilon the Healer
  3201 | Temple   | Fell from the grace of Elyvilon
  3201 | Temple   | Became a worshipper of Makhleb the Destroyer
  3444 | D:4      | Identified the +0 robe of the Evening {Harm Str+4}
  3624 | D:4      | Noticed an angel
  3624 | D:4      | Noticed an angel
  3633 | D:4      | Slain by an angel

Illustrated notes

Levels and vault maps discovered:
D:1:      lightli_arrival_windingriver, layout_rooms,
          hellmonk_ecumenical_altar_zigzags
D:2:      layout_loops_cross, chequers_serial_rivers_small_3,
          grunt_ministairs_12, minmay_pentomino_r4
D:3:      layout_basic, tgw_sif, jmf_multi_god_temple
D:4:      layout_basic, marbit_many_paths, temple_green, minmay_bent
Temple:   dpeg_three_leaves_temple

Skill      XL: |  1  2  3  4  5 |
---------------+----------------+-----
Staves         | 3 4 |  4.9
Fighting       | 3 4 |  4.8
Throwing       | |  1.5
Dodging        | |  3.2
Invocations    | |  0.4

Action                   |  1- 3 |  4- 6 || total
-------------------------+-------+-------++-------
Melee: Quarterstaff      |    91 |   138 ||   229
Throw: Throwing net      |     1 |     6 ||     7
 Cast: Magic Dart        |     2 |       ||     2
Invok: Divine Shield     |       |     2 ||     2
  Use: Potion            |       |     3 ||     3
 Stab: Sleeping          |     1 |       ||     1
Armor: Leather armour    |    48 |    28 ||    76
Dodge: Dodged            |    90 |    72 ||   162
Block: Other             |       |     4 ||     4

Table legend: (Time is in decaauts)
 A = Elapsed time spent in this place.
 B = Non-inter-level travel time spent in this place.
 C = Inter-level travel time spent in this place.
 D = Time resting spent in this place.
 E = Time spent auto-exploring this place.
 F = Levels seen in this place.
 G = Mean time per level.
                   A        B        C        D        E       F      G
               +--------+--------+--------+--------+--------+-----+--------+
         Total |   3657 |   3528 |    129 |    301 |   2603 |   5 |  731.4 |
       Dungeon |   3498 |   3376 |    122 |    301 |   2494 |   4 |  874.5 |
        Temple |    159 |    152 |      7 |      0 |    109 |   1 |  159.0 |
               +--------+--------+--------+--------+--------+-----+--------+

Top non-repeatable levels by time:
     D:2: 1271 daAuts
     D:3: 956 daAuts
     D:4: 683 daAuts
     D:1: 586 daAuts
  Temple: 159 daAuts
